 Dungeon Sprint DCSS version 0.32-a0-485-g70f7560b1c (webtiles) character file.

Game seed: 17264070310168272122

137 rocky1 the Covered (level 5, -6/51 HPs)
             Began as a Mountain Dwarf Fighter on Feb 27, 2024.
             Mangled by a shadow (17 damage)
             ... in the Dungeon (Sprint III: "The Ten Rune Challenge").
             The game lasted 00:00:53 (564 turns).

rocky1 the Covered (Mountain Dwarf Fighter)          Turns: 564, Time: 00:00:53

Health: -6/51      AC:  7    Str: 20    XL:     5   Next: 0%
Magic:  5/5        EV:  9    Int:  9    God:
Gold:   35         SH:  5    Dex:  9    Spells: 4/4 levels left

rFire   . . .        a - +0 war axe
rCold   . . .        c - +0 buckler
rNeg    . . .        b - +0 scale mail
rPois   .            (no helmet)
rElec   .            (no cloak)
rCorr   .            (no gloves)
SInv    .            (no boots)
Will    .....        (no amulet) Stlth
                     (no ring)
HPRegen 0.28/turn    (no ring)
MPRegen 0.09/turn

%: no teleportation
@: no status effects
A: runic magic, artefact enchanting
a: no special abilities


You were in the Dungeon.
You visited 1 branch You collected 35 gold pieces.

Inventory:

Hand Weapons
 a - a +0 war axe (weapon)
Armour
 b - a +0 scale mail (worn)
 c - a +0 buckler (worn)
Scrolls
 j - a scroll of blinking
 l - 2 scrolls of immolation {unknown}
 m - 4 scrolls of identify
Potions
 d - a potion of might
 e - a potion of curing
 g - a potion of haste
 h - 3 potions of magic
 k - 3 potions of mutation {unknown}
 n - 2 potions of enlightenment {unknown}


   Skills:
 + Level 6.3 Fighting
 + Level 5.7 Axes
 + Level 6.9 Armour
 + Level 0.4 Dodging
 + Level 6.1 Shields


You had 4 spell levels left.
You didn't know any spells.
Your spell library was empty.

Dungeon Overview and Level Annotations

Branches:
Dungeon (1/1)

Altars:


Innate Abilities, Weirdness & Mutations

Your spellcasting is much less encumbered by armour.
You can use scrolls of enchantment on lesser artefacts.


Message History

The shadow strikes at you from the darkness!
Reactivating autopickup.
You barely miss the shadow.
The shadow slips into darkness.
The shadow flickers and vanishes!
Deactivating autopickup; reactivate with Ctrl-A.
You hit something.
The shadow strikes at you from the darkness!
Reactivating autopickup.
The shadow hits you.
You barely miss the shadow.
The shadow is lightly damaged.
The shadow closely misses you.
You hit the shadow.
The shadow is lightly damaged.
The shadow hits you!
You hit the shadow.
The shadow is moderately damaged.
The shadow hits you!
* * * LOW HITPOINT WARNING * * *
You barely miss the shadow.
The shadow is moderately damaged.
The shadow barely misses you. The shadow hits you.
You feel much better.
The shadow slips into darkness.
The shadow flickers and vanishes!
Deactivating autopickup; reactivate with Ctrl-A.
You closely miss something.
The shadow strikes at you from the darkness!
Ouch! That really hurt!
* * * LOW HITPOINT WARNING * * *
Reactivating autopickup.
You slash the shadow!
The shadow is severely damaged.
The shadow slips into darkness.
The shadow flickers and vanishes!
Deactivating autopickup; reactivate with Ctrl-A.
You hit something.
The shadow strikes at you from the darkness!
You die...

▓▓▓ # ##.# #####..#
.#..#..#
.#..#..###+#+###+##
.##'#..#..........#
.###...'.⌠........#
####...#...######'#
###....#.⌠.# #{@.#
##.....#...# #...#
#......#+### #...#
÷#.....# #...+
###....# +...#
▓▓▓▓▓▓ ▓▓▓▓▓


There were no monsters in sight!

Vanquished Creatures
  A water elemental (D)
  A jelly (D)
  Jessica (D)
  A human (D)
  A phantom (D)
  3 rats (D)
8 creatures vanquished.

Notes
Turn   | Place    | Note
-------+----------+-------------------------------------------
     0 | D        | rocky1 the Mountain Dwarf Fighter began the quest for the
                  | Orb.
     0 | D        | Reached XP level 1. HP: 19/19 MP: 1/1
    28 | D        | Noticed Jessica
    36 | D        | Killed Jessica
    37 | D        | Reached XP level 2. HP: 9/28 MP: 2/2
   245 | D        | Reached skill level 5 in Fighting
   245 | D        | Reached skill level 5 in Armour
   245 | D        | Reached skill level 5 in Shields
   245 | D        | Reached XP level 3. HP: 20/36 MP: 3/3
   332 | D        | Noticed a water elemental
   337 | D        | Killed a water elemental
   338 | D        | Reached skill level 5 in Axes
   338 | D        | Reached XP level 4. HP: 29/44 MP: 4/4
   539 | D        | Reached XP level 5. HP: 47/51 MP: 5/5
   553 | D        | Noticed a shadow
   564 | D        | Mangled by a shadow

Illustrated notes

Levels and vault maps discovered:
D:        dungeon_sprint_mu [sprint_mu_entry_cave, sprint_mu_temple_rooms,
          sprint_mu_d1_horrors, sprint_mu_d2_genie, sprint_mu_d3_branching,
          sprint_mu_orc_legion, sprint_mu_elf_gauntlet, sprint_mu_hive_nellie,
          sprint_mu_lair_fedhas, sprint_mu_vaults_butterflies,
          sprint_mu_slime_circle, sprint_mu_swamp_cave, sprint_mu_shoals_archi,
          sprint_mu_blade_basic, sprint_mu_crypt_lich, sprint_mu_tomb_spiral,
          sprint_mu_vestibule_basic, sprint_mu_gehenna_hellfire,
          sprint_mu_dis_giant, sprint_mu_tartarus_statrot,
          sprint_mu_cocytus_islands, sprint_mu_zot1]

Skill      XL: |  1  2  3  4 |
---------------+-------------+-----
Fighting       | 4 5 6 |  6.3
Axes           | 3 5 |  5.7
Armour         | 4 5 6 |  6.9
Shields        | 4 5 6 |  6.1
Dodging        | |  0.4

Action                     |  1- 3 |  4- 6 || total
---------------------------+-------+-------++-------
  Melee: War axe           |    35 |    11 ||    46
    Use: Potion            |     1 |     1 ||     2
 Armour: Scale mail        |    21 |     8 ||    29
  Dodge: Dodged            |    15 |     3 ||    18
  Block: Buckler           |     6 |       ||     6

Table legend: (Time is in decaauts)
 A = Elapsed time spent in this place.
 B = Non-inter-level travel time spent in this place.
 C = Inter-level travel time spent in this place.
 D = Time resting spent in this place.
 E = Time spent auto-exploring this place.
 F = Levels seen in this place.
 G = Mean time per level.
                   A        B        C        D        E       F      G
               +--------+--------+--------+--------+--------+-----+--------+
         Total |    586 |    586 |      0 |    441 |     20 |   1 |  586.0 |
       Dungeon |    586 |    586 |      0 |    441 |     20 |   1 |  586.0 |
               +--------+--------+--------+--------+--------+-----+--------+

Top non-repeatable levels by time:
       D: 586 daAuts
